cohdb
Replays
Latest Replays
All Replays
Popular Replays
Top Player Replays
Match Explorer
How It Works
Community
CoH3 Stats
Reddit
Sign in to upload your games and track your stats! →
Sign in with Steam
Match 34172009
Unlisted
Match 34172009
Overview
Messages
Build Orders
End
Panzergrenadier Squad
Kradschützen Motorcycle Team
250 Light Carrier
Selects Armored Support Battlegroup
Panzergrenadier Squad
Construct Light Support Kompanie
MG34 Team
Fire Support Elements
le.IG 18 Support Gun Team
2.5-tonne Medical Truck
Pak 38 Mechanized Group
Panzergrenadier Squad
Flakvierling Half-track
Tungsten Core Ammunition
Selects Salvage Kits
Selects Panzer Storm
le.IG 18 Mechanized Group
Construct Panzerarmee Kommand
2.5-tonne Medical Truck
Flak 36 Anti-tank Gun Team
Pak 38 Mechanized Group
Selects Stuka Anti-tank Loiter
Selects Veteran Gunners
UH|dun! ツ
UH|XTC
iceman
ForcesSpciales
Semmelweis
Master of Disaster
0
0
Comments
sign in to comment!
No comments posted yet!